 Dungeon Sprint DCSS version 0.31-a0-801-gc67433417a (webtiles) character file.

Game seed: 1080601665344777479

762 Ordine the Grappler (level 7, -20/53 HPs)
             Began as an Octopode Shapeshifter on Sept 20, 2023.
             Was an Initiate of Dithmenos.
             Shot with a bolt by a yaktaur (27 damage)
             ... in the Dungeon (Sprint II: "The Violet Keep of Menkaure").
             The game lasted 00:02:13 (336 turns).

Ordine the Grappler (Octopode Shapeshifter)          Turns: 336, Time: 00:02:14

Health: -20/53     AC:  1    Str: 15    XL:     7   Next: 81%
Magic:  7/7        EV: 15    Int: 13    God:    Dithmenos [......]
Gold:   498        SH:  0    Dex: 11    Spells: 6/6 levels left

rFire   . .          .
                       - Unarmed
rCold   . . .        (no shield)
rNeg    . . .        (helmet currently unavailable)
rPois   .            (no amulet)
rElec   .            (no ring)
rCorr   .            (no ring)
SInv    .            (no ring)
Will    .....        (no ring)
Stlth   +++++        (no ring)
HPRegen 0.28/turn    (no ring)
MPRegen 0.10/turn    (no ring)
                     (no ring)

%: no teleportation
@: beast-form, on berserk cooldown, slowed, very slow
A: beast (slay +3), almost no armour, amphibious, 8 rings, camouflage 1,
gelatinous body 1, (nimble swimmer 1), tentacles
a: Begin Untransformation, Renounce Religion


You were in the Dungeon.
You worshipped Dithmenos.
Dithmenos was noncommittal.
You were a hulking beast.
You visited 1 branch You collected 498 gold pieces.

Inventory:

Talismans
 b - a beast talisman (active)
 c - a flux talisman
Potions
 d - a potion of curing
 f - a potion of haste
 g - 2 potions of magic


   Skills:
 + Level 6.8 Fighting
 + Level 7.1 Dodging
 + Level 9.4 Stealth
 * Level 10.2 Unarmed Combat
 + Level 6.8 Shapeshifting


You had 6 spell levels left.
You didn't know any spells.
Your spell library was empty.

Dungeon Overview and Level Annotations

Branches:
Dungeon (1/1)

Altars:
Cheibriados
Dithmenos
Elyvilon
Fedhas
Gozag
Hepliaklqana
Kikubaaqudgha
Makhleb
Nemelex Xobeh
Okawaru
Qazlal
Ru
Sif Muna
Trog
Uskayaw
Vehumet
Wu Jian
Xom
Yredelemnul
Zin
The Shining One
Jiyva
Lugonu

Shops:
D [?[[!!!([([==:

Annotations:
D exclusions: obsidian statue and oklob plant


Innate Abilities, Weirdness & Mutations

You are a hulking beast.
Your limbs bulge with bestial killing power. (Slay +3)
You cannot wear most types of armour.
You are amphibious.
You can wear up to eight rings at the same time.
Your skin changes colour to match your surroundings (Stealth+).
Your rubbery body absorbs attacks. (AC +1, EV +1)
((You are camouflaged when in or above water. (Stealth+)))
You have tentacles for arms and can constrict up to eight enemies at once.


Message History

The polar bear claws you. The polar bear misses you.
You tentacle-slap the polar bear. You squeeze the polar bear!
The polar bear is moderately wounded.
You tentacle-slap the polar bear. You squeeze the polar bear!
The polar bear is severely wounded.
The polar bear bites you.
The polar bear completely misses you. x2
The polar bear barely misses you. The polar bear misses you.
The polar bear claws you.
You bludgeon the polar bear! Your squeeze misses the polar bear.
The polar bear is almost dead.
The polar bear completely misses you. The polar bear barely misses you. x2
The polar bear misses you. The polar bear claws you. x2
You bludgeon the polar bear!
The polar bear is almost dead.
The polar bear goes berserk!
The polar bear bites you!
* * * LOW HITPOINT WARNING * * *
The polar bear claws you.
* * * LOW HITPOINT WARNING * * *
The polar bear claws you.
* * * LOW HITPOINT WARNING * * *
You bludgeon the polar bear!
You kill the polar bear!
Dithmenos accepts your kill.
You feel yourself speed up.
You are no longer berserk.
You are exhausted.
You feel yourself slow down. The polar bear closely misses you.
The polar bear claws you.
* * * LOW HITPOINT WARNING * * *
The polar bear barely misses you.
Your Dodging skill increases to level 7!
Your Stealth skill increases to level 9!
Your Unarmed Combat skill increases to level 10!
Unknown command.
Unknown command.
Blink to where?
Press: ? - help, Dir - move target
As you read the scroll of blinking, it crumbles to dust.
The yaktaur shoots a bolt.
The bolt hits you!!
Ouch! That really hurt!
You die... §≈○≈≈≈≈≈ ≈S°§≈≈≈ ..## §§≈§≈ ^.. +++#+++## ... ........# .. .##'##..# #. ##...##.#### +^### #..#..#....# #...# ##.#.####..## #h.# .# ![[ ##†## .##..# +..# .# $!!?

###.##.B$#..# #..# .#▓$$(?
#+.<.+# +..####..##.#▓$$$()
.##.##.B.#....###h..##▓▓▓▓▓▓
##'# .##..§...~h~c~~~~~~~~
##..# ###~~.....~#'########+
#..## #~~~§§~~..~#§...._._#~
##.# ##~~~§~~§~.~#...._._.#~


You could see 2 polar bears and a yaktaur.

Vanquished Creatures
  A polar bear (D)
  A hornet (D)
  Menkaure (D)
  4 necrophages (D)
  A hell rat (D)
  2 worms (D)
10 creatures vanquished.

Notes
Turn   | Place    | Note
-------+----------+-------------------------------------------
     0 | D        | Ordine the Octopode Shapeshifter began the quest for the
                  | Orb.
     0 | D        | Reached XP level 1. HP: 13/13 MP: 1/1
     1 | D        | Noticed a neqoxec
     4 | D        | Noticed a necrophage
     4 | D        | Noticed a necrophage
     4 | D        | Noticed a necrophage
     4 | D        | Noticed a necrophage
    12 | D        | Killed a necrophage
    13 | D        | Reached skill level 5 in Unarmed Combat
    13 | D        | Reached XP level 2. HP: 2/21 MP: 2/2
    13 | D        | Reached XP level 3. HP: 3/26 MP: 3/3
    21 | D        | Killed a necrophage
    22 | D        | Reached skill level 5 in Stealth
    22 | D        | Reached skill level 6 in Unarmed Combat
    22 | D        | Reached XP level 4. HP: 33/33 MP: 4/4
    30 | D        | Killed a necrophage
    31 | D        | Reached skill level 7 in Unarmed Combat
    31 | D        | Reached XP level 5. HP: 38/38 MP: 5/5
    34 | D        | Reached skill level 5 in Dodging
    34 | D        | Reached skill level 5 in Shapeshifting
    34 | D        | Reached XP level 6. HP: 45/45 MP: 6/6
   156 | D        | Noticed a boulder beetle
   156 | D        | Noticed a boulder beetle
   171 | D        | Noticed a flying skull
   171 | D        | Noticed a flying skull
   185 | D        | Noticed Menkaure
   190 | D        | Killed Menkaure
   191 | D        | Reached skill level 5 in Fighting
   191 | D        | Reached skill level 8 in Unarmed Combat
   244 | D        | Found Xizopnawk's Jewellery Shoppe.
   245 | D        | Found Eqeromer's Antique Weapon Emporium.
   245 | D        | Found Saewupis's Antique Armour Shoppe.
   245 | D        | Found Unwuagyach's Jewellery Shoppe.
   246 | D        | Found Beqygyf's Distillery.
   246 | D        | Found Zyag's Distillery.
   246 | D        | Found Nuqaf's Antique Weapon Emporium.
   246 | D        | Found Quguan's Book Emporium.
   246 | D        | Found Napt's Antique Armour Shoppe.
   247 | D        | Found Pealyism's Armour Emporium.
   247 | D        | Found Moleloz's Armour Shoppe.
   247 | D        | Found Urac's Distillery.
   248 | D        | Found Waafiom's Armour Emporium.
   248 | D        | Found Xuymaeh's Magic Scroll Shoppe.
   249 | D        | Noticed a yak
   254 | D        | Noticed a yak
   254 | D        | Noticed a yak
   254 | D        | Noticed an oklob plant
   270 | D        | Noticed a flying skull
   270 | D        | Noticed a flying skull
   273 | D        | Noticed a flying skull
   273 | D        | Noticed a flying skull
   273 | D        | Noticed a flying skull
   273 | D        | Noticed a flying skull
   274 | D        | Noticed a flying skull
   274 | D        | Noticed a flying skull
   274 | D        | Noticed a flying skull
   274 | D        | Noticed a flying skull
   296 | D        | Found a snail-covered altar of Cheibriados.
   297 | D        | Found a shadowy altar of Dithmenos.
   297 | D        | Found a viscous altar of Jiyva.
   298 | D        | Found a white marble altar of Elyvilon.
   298 | D        | Found an ancient bone altar of Kikubaaqudgha.
   299 | D        | Found a blossoming altar of Fedhas.
   299 | D        | Found a corrupted altar of Lugonu.
   299 | D        | Found a shimmering blue altar of Sif Muna.
   300 | D        | Found an opulent altar of Gozag.
   300 | D        | Found a burning altar of Makhleb.
   300 | D        | Found a bloodstained altar of Trog.
   301 | D        | Found a sparkling altar of Nemelex Xobeh.
   301 | D        | Found a hide-covered altar of Uskayaw.
   302 | D        | Found a basalt altar of Yredelemnul.
   303 | D        | Found an iron altar of Okawaru.
   303 | D        | Found a radiant altar of Vehumet.
   303 | D        | Found a glowing silver altar of Zin.
   303 | D        | Found a hazy altar of Hepliaklqana.
   303 | D        | Found a sacrificial altar of Ru.
   303 | D        | Found a shimmering altar of Xom.
   303 | D        | Noticed a hornet
   303 | D        | Noticed a polar bear
   303 | D        | Noticed a polar bear
   304 | D        | Found a stormy altar of Qazlal.
   304 | D        | Found an ornate altar of the Wu Jian Council.
   304 | D        | Found a glowing golden altar of the Shining One.
   304 | D        | Noticed a yaktaur
   305 | D        | Noticed a polar bear
   309 | D        | Became a worshipper of Dithmenos the Shadowed
   316 | D        | Noticed an obsidian statue
   328 | D        | Killed a hornet
   329 | D        | Reached skill level 9 in Unarmed Combat
   329 | D        | Reached XP level 7. HP: 45/52 MP: 7/7
   335 | D        | Killed a polar bear
   336 | D        | Reached skill level 10 in Unarmed Combat
   336 | D        | Shot with a bolt by a yaktaur

Illustrated notes

Levels and vault maps discovered:
D:        the_violet_keep_of_menkaure [sprint2_stairs_cluster_1,
          sprint2_shoproom, sprint2_temple, sprint2_basic_supplies,
          sprint2_obstacle_1, sprint2_obstacle_3, sprint2_obstacle_5,
          sprint2_obstacle_6, sprint2_obstacle_7, sprint2_timed_cluster_1,
          sprint2_smallroom_cluster_1, sprint2_smallroom_final_cluster_1,
          sprint2_transparent_cluster_1, sprint2_second_timed_cluster_1,
          sprint2_sniper_area_1, sprint2_heavy_combat_area_1,
          sprint2_mutation_trap_area_1, sprint2_forest_area_1,
          sprint2_light_combat_area_1, sprint2_behind_water_1,
          sprint2_near_end_vault_1]

Skill      XL: |  1  2  3  4  5  6  7 |
---------------+----------------------+-----
Fighting       | 3 4 6 |  6.8
Dodging        | 3 4 5 6 7 |  7.1
Stealth        | 3 5 6 8 9 |  9.4
Unarmed Combat | 5 6 7 9 10 | 10.2
Shapeshifting  | 4 5 6 |  6.8

Action                     |  1- 3 |  4- 6 |  7- 9 || total
---------------------------+-------+-------+-------++-------
  Melee: Unarmed           |    14 |    24 |     7 ||    45
         Tentacles         |     3 |     2 |     2 ||     7
         Constrict         |     1 |     5 |       ||     6
         Punch             |     1 |       |       ||     1
    Use: Potion            |     2 |     1 |       ||     3
         Scroll            |       |       |     1 ||     1
   Stab: Sleeping          |       |     3 |       ||     3
 Armour: Skin              |    10 |    11 |    12 ||    33
  Dodge: Dodged            |     3 |     4 |    14 ||    21

Table legend: (Time is in decaauts)
 A = Elapsed time spent in this place.
 B = Non-inter-level travel time spent in this place.
 C = Inter-level travel time spent in this place.
 D = Time resting spent in this place.
 E = Time spent auto-exploring this place.
 F = Levels seen in this place.
 G = Mean time per level.
                   A        B        C        D        E       F      G
               +--------+--------+--------+--------+--------+-----+--------+
         Total |    329 |    329 |      0 |    165 |      0 |   1 |  329.0 |
       Dungeon |    329 |    329 |      0 |    165 |      0 |   1 |  329.0 |
               +--------+--------+--------+--------+--------+-----+--------+

Top non-repeatable levels by time:
       D: 329 daAuts
